 Dungeon Crawl Stone Soup version 0.22.0-78-g6c94d2c (webtiles) character file.

89 Ghost6211 the Shield-Bearer (level 4, -1/32 HPs)
             Began as an Octopode Fighter on Sept 17, 2018.
             Slain by Pikel
             ... wielding a +2 whip of freezing
              (4 damage)
             ... on level 4 of the Dungeon.
             The game lasted 00:03:34 (2339 turns).

Ghost6211 the Shield-Bearer (Octopode Fighter)      Turns: 2339, Time: 00:03:35

Health: -1/32      AC:  1    Str: 21    XL:     4   Next: 55%
Magic:  4/4        EV: 11    Int: 10    God:
Gold:   166        SH:  9    Dex: 11    Spells: 3/3 levels left

rFire    . . .     SeeInvis .   a - +0 flail
rCold    . . .     Gourm    .   b - +0 shield
rNeg     . . .     Faith    .   (helmet restricted)
rPois    .         Spirit   .   (no amulet)
rElec    .         Reflect  .   (no ring)
rCorr    .         Harm     .   (no ring)
MR       .....                  (no ring)
Stlth    ++........             (no ring)
HPRegen  0.10/turn              (no ring)
MPRegen  0.09/turn              (no ring)
                                (no ring)
                                (no ring)

@: mighty
A: almost no armour, stealthy swim, amphibious, 8 rings, constrict 8, camouflage
1, gelatinous body 1
a: no special abilities


You were on level 4 of the Dungeon.
You were not hungry.

You visited 1 branch of the dungeon, and saw 3 of its levels.

You collected 166 gold pieces.

Inventory:

Hand Weapons
 a - a +0 flail (weapon)
Missiles
 l - 116 stones (quivered)
Armour
 b - a +0 shield (worn)
Jewellery
 j - a cursed ring of teleportation
Scrolls
 d - a scroll of enchant armour {unknown}
 e - a scroll of enchant weapon {unknown}
 f - a scroll of identify
 h - 2 scrolls of amnesia
 m - a scroll of immolation {unknown}
 n - 2 scrolls of teleportation {unknown}
 o - a scroll of fog {unknown}
 p - a scroll of blinking {unknown}
Potions
 g - a potion of flight {unknown}
 i - a potion of curing {unknown}
 k - a potion of ambrosia {unknown}


   Skills:
 + Level 3.6 Fighting
 + Level 2.8 Maces & Flails
 - Level 3.0 Dodging
 * Level 4.2 Shields


You had 3 spell levels left.
You didn't know any spells.
Your spell library was empty.

Dungeon Overview and Level Annotations

Branches:
Dungeon (2/15)

Altars:

Annotations:
D:4 Pikel


Innate Abilities, Weirdness & Mutations

You cannot wear most types of armour.
You are very stealthy in the water. (Stealth+)
You are amphibious.
You can wear up to eight rings at the same time.
You can use your tentacles to constrict eight enemies at once.
Your skin changes colour to match your surroundings (Stealth+).
Your rubbery body absorbs attacks. (AC +1, EV +1)


Message History

The slave barely misses you. You block Pikel's attack.
There is an open door here.
You hit the slave but do no damage. You grab the slave.
You constrict the slave. You block the slave's attack.
Pikel hits you but does no damage.
Your shield prevents you from hitting the slave.
You constrict the slave. You block the slave's attack.
Pikel hits you with a whip of freezing. Pikel freezes you.
You block the slave's attack. Pikel hits you with a whip of freezing.
Pikel freezes you.
You hit the slave.
The slave is lightly wounded.
You constrict the slave. The slave closely misses you.
You block Pikel's attack.
You feel very mighty all of a sudden.
You constrict the slave. The slave hits you.
Pikel hits you with a whip of freezing!
* * * LOW HITPOINT WARNING * * *
Pikel freezes you.
You die...

#...............
#................ #
#................
#.
#...........>....
..
#.†..............
.. #...............
#. #.........<.....
##..##.........####
#..pp@.........#
#..pK#.........#
#...p#..>......#
#....#.........#
######.........#
###########


You could see Pikel and 4 slaves.

Vanquished Creatures
  2 adders
  An ooze (D:2)
  2 worms (D:2)
  2 dart slugs
  3 orcs (D:2)
  2 giant cockroaches (D:1)
  6 goblins
  11 hobgoblins
  A quokka (D:2)
  8 bats
  3 frilled lizards
  7 kobolds
  6 rats
54 creatures vanquished.

Notes
Turn   | Place    | Note
-------+----------+-------------------------------------------
     0 | D:1      | Ghost6211 the Octopode Fighter began the quest for the Orb.
     0 | D:1      | Reached XP level 1. HP: 16/16 MP: 1/1
   315 | D:1      | Reached XP level 2. HP: 21/21 MP: 2/2
  1263 | D:2      | Reached XP level 3. HP: 20/26 MP: 3/3
  1632 | D:2      | Reached skill level 4 in Shields
  1636 | D:2      | Reached XP level 4. HP: 14/31 MP: 4/4
  2320 | D:2      | You fall through a shaft for 2 floors!
  2334 | D:4      | Noticed Pikel
  2334 | D:4      | Noticed a slave
  2334 | D:4      | Noticed a slave
  2334 | D:4      | Noticed a slave
  2334 | D:4      | Noticed a slave
  2339 | D:4      | Slain by Pikel

Skill      XL: |  1  2  3 |
---------------+----------+-----
Shields        | 4 |  4.2
Fighting       | |  3.6
Maces & Flails | |  2.8
Dodging        | |  3.0

Action                   |  1- 3 |  4- 6 || total
-------------------------+-------+-------++-------
Melee: Flail             |    63 |    38 ||   101
       Constrict         |    19 |     9 ||    28
       Tentacles         |    19 |     3 ||    22
  Use: Scroll            |     2 |       ||     2
       Potion            |       |     1 ||     1
 Stab: Sleeping          |     4 |     3 ||     7
       Distracted        |     1 |       ||     1
  Eat: Ration            |     1 |     1 ||     2
Armor: Skin              |     7 |    12 ||    19
Dodge: Dodged            |    21 |    35 ||    56
Block: Shield            |    23 |    31 ||    54
